 Dungeon Crawl Stone Soup version 0.28.0-1-gb440e238dd (webtiles) character file.

Game seed: 13254852742453671303

182 Destapler the Skirmisher (level 5, 17/44 HPs)
             Began as a Demonspawn Fighter on Feb 25, 2022.
             Was a Follower of Sif Muna.
             Got out of the dungeon alive.
             The game lasted 00:03:18 (1745 turns).

Destapler the Skirmisher (Demonspawn Fighter)       Turns: 1745, Time: 00:03:18

Health: 17/44      AC:  6    Str: 18    XL:     5   Next: 35%
Magic:  5/5        EV:  9    Int: 10    God:    Sif Muna [*.....]
Gold:   98         SH:  4    Dex: 12    Spells: 4/4 levels left

rFire   . . .      SeeInvis .   a - +0 war axe
rCold   . . .      Faith    .   c - +0 buckler
rNeg    . . .      Spirit   .   b - +0 scale mail
rPois   .          Reflect  .   (no helmet)
rElec   .          Harm     .   (no cloak)
rCorr   .          Rampage  .   (no gloves)
Will    .....                   (no boots)
Stlth   ..........              (no amulet)
HPRegen 0.14/turn               (no ring)
MPRegen 0.09/turn               (no ring)

@: no status effects
A: weakness stinger 1
a: Renounce Religion, Channel Magic


You escaped.
You worshipped Sif Muna.
Sif Muna was aware of your devotion.
You visited 1 branch of the dungeon, and saw 2 of its levels.

You collected 98 gold pieces.

Inventory:

Hand Weapons
 a - a +0 war axe (weapon)
Armour
 b - a +0 scale mail (worn)
 c - a +0 buckler (worn)
Scrolls
 e - 2 scrolls of teleportation {unknown}
 f - a scroll of fog {unknown}
 g - a scroll of vulnerability {unknown}
Potions
 h - a potion of lignification {unknown}
 i - a potion of heal wounds {unknown}


   Skills:
 + Level 5.1 Fighting
 - Level 3.0 Axes
 - Level 3.0 Armour
 - Level 3.0 Shields


You had 4 spell levels left.
You didn't know any spells.
Your spell library was empty.

Dungeon Overview and Level Annotations

Branches:
Dungeon (2/15)

Altars:
Sif Muna
Xom


Innate Abilities, Weirdness & Mutations

You have a small tail.


Message History

Sif Muna accepts your kill.
Training target 4.0 for Fighting reached!
Training target 3.0 for Axes reached!
Your Fighting skill increases to level 4!
Your Axes skill increases to level 3!
You need to enable at least one skill for training.
Your Fighting skill increases to level 5!
You have reached level 3!
Your experience leads to an increase in your attributes!
Increase (S)trength, (I)ntelligence, or (D)exterity?
You feel stronger. x2
You have reached level 4!
You feel clever.
You have reached level 5!
(D) Dungeon
Where to? (Enter - D:2, ? - help)
There is a stone staircase leading up here.
You climb upwards.
There is a stone staircase leading down here.
(D) Dungeon
Where to? (Enter - D:1, ? - help)
Okay, then.
(D) Dungeon
Where to? (Enter - D:1, ? - help)
Okay, then.
(D) Dungeon
Where to? (Enter - D:1, ? - help)
Okay, then.
(D) Dungeon
Where to? (Enter - D:1, ? - help)
Okay, then.
There is a stone staircase leading down here.
You feel a little less mighty now.
You see here a staff of death.
You enter the shallow water.
Moving in this stuff is going to be slow.
There is an open door here.
There is a staircase leading out of the dungeon here.
Are you sure you want to leave the Dungeon?
This will make you lose the game!
You have escaped!

#≈≈≈≈≈≈≈≈≈≈≈≈≈≈.≈####.#.####
# #≈≈≈≈≈≈≈≈≈≈≈#'#≈≈≈# ##...#
# #≈≈≈≈≈≈≈≈≈≈≈#.#≈≈.# ###.#
# #≈+##+≈≈##≈≈#>#≈≈.# #.# #
#≈+ #≈≈##≈≈###≈≈≈# #.# # #≈#
#≈≈≈≈≈≈≈≈≈≈≈.# #.# # #≈≈
≈≈≈≈≈≈#####≈≈# #.#
≈≈≈≈≈≈≈#...#≈.# #.#
#.@.#≈.######.##### ≈
#.>.#≈≈.....|...... ≈≈
#...'≈..###########
≈≈≈#####≈.## ≈≈≈≈≈≈≈≈≈≈#
##≈≈≈≈≈≈.# #≈≈≈≈≈≈≈#
≈≈≈≈≈≈≈≈≈≈# ###########


There were no monsters in sight!

Vanquished Creatures
  Sigmund (D:2)
  A worm (D:2)
  2 endoplasms
  A giant cockroach (D:1)
  A goblin (D:2)
  5 hobgoblins
  2 quokkas
  3 ball pythons (D:1)
  2 bats (D:1)
  A frilled lizard (D:1)
  A kobold (D:1)
  3 rats
23 creatures vanquished.

Vanquished Creatures (others)
  10 plants (D:1)
10 creatures vanquished.

Grand Total: 33 creatures vanquished

Notes
Turn   | Place    | Note
-------+----------+-------------------------------------------
     0 | D:1      | Destapler the Demonspawn Fighter began the quest for the
                  | Orb.
     0 | D:1      | Reached XP level 1. HP: 18/18 MP: 1/1
   310 | D:1      | Gained mutation: You have a small tail. [demonic ancestry]
   310 | D:1      | Reached XP level 2. HP: 19/24 MP: 2/2
   750 | D:1      | Found a faded altar of an unknown god.
   781 | D:1      | Prayed at the altar of an unknown god.
   781 | D:1      | Became a worshipper of Sif Muna the Loreminder
   781 | D:1      | Reached * piety under Sif Muna
  1362 | D:2      | Found a shimmering altar of Xom.
  1544 | D:2      | Noticed Sigmund
  1667 | D:2      | Killed Sigmund
  1668 | D:2      | Reached skill level 4 in Fighting
  1668 | D:2      | Reached skill level 5 in Fighting
  1668 | D:2      | Reached XP level 3. HP: 5/33 MP: 3/3
  1668 | D:2      | Reached XP level 4. HP: 6/39 MP: 4/4
  1668 | D:2      | Reached XP level 5. HP: 6/44 MP: 5/5
  1745 | D:$      | Got out of the dungeon alive.

Illustrated notes

Levels and vault maps discovered:
D:1:      minmay_arrival_floating_metal, layout_loops_ring,
          ebering_ecumenical_altar_box, serial_bayou_lake_a
D:2:      layout_basic, basic_altar, uniq_sigmund, uniq_crazy_yiuf_cottage

Skill      XL: |  1  2 |
---------------+-------+-----
Axes           | 2 3 |  3.0
Armour         | 3 |  3.0
Shields        | 3 |  3.0
Fighting       | 5 |  5.1

Action                   |  1- 3 |  4- 6 || total
-------------------------+-------+-------++-------
Melee: War axe           |    70 |       ||    70
       Tailslap          |     7 |       ||     7
  Use: Potion            |     1 |       ||     1
Armor: Scale mail        |    24 |       ||    24
Dodge: Dodged            |    21 |       ||    21
Block: Buckler           |    18 |       ||    18
